 Dungeon Crawl Stone Soup version 0.30-a0-335-ge5acde7520 (webtiles) character file.

Game seed: 5453783984642222719

144 hnicke the Gusty (level 5, -5/28 HPs)
             Began as a Tengu Air Elementalist on Oct 30, 2022.
             Killed from afar by an orc wizard (13 damage)
             ... with a puff of flame
             ... on level 4 of the Dungeon.
             The game lasted 00:22:45 (3613 turns).

hnicke the Gusty (Tengu Air Elementalist)           Turns: 3613, Time: 00:22:45

Health: -5/28      AC:  3    Str:  8    XL:     5   Next: 26%
Magic:  9/9        EV: 14    Int: 17    God:
Gold:   86         SH:  0    Dex: 15    Spells: 2/8 levels left

rFire   . . .      SeeInvis .    e - +0 short sword
rCold   . . .      Faith    .    (no shield)
rNeg    . . .      Spirit   .    a - +0 robe
rPois   .          Reflect  .    (helmet restricted)
rElec   .          Harm     .    (no cloak)
rCorr   .          Rampage  .    l - +0 pair of gloves
Will    .....                    (boots unavailable)
Stlth   ++........               (no amulet)
HPRegen 0.24/turn                (no ring)
MPRegen 0.11/turn                (no ring)

@: sluggish, flying quickly and evasively, very slightly contaminated, very slow
A: beak, talons 3, nimble flight
a: no special abilities


You were on level 4 of the Dungeon.
You visited 1 branch of the dungeon, and saw 5 of its levels.

You collected 86 gold pieces.

Inventory:

Hand Weapons
 e - a +0 short sword (weapon)
Missiles
 c - 21 stones (quivered)
Armour
 a - a +0 robe (worn)
 l - a +0 pair of gloves (worn)
Jewellery
 m - a +4 ring of evasion
Scrolls
 g - a scroll of magic mapping {unknown}
 h - 2 scrolls of teleportation {unknown}
 o - a scroll of fear {unknown}
 p - a scroll of enchant weapon {unknown}
Potions
 b - 2 potions of magic
 d - a potion of might {unknown}
 f - a potion of invisibility {unknown}
 i - 3 potions of curing {unknown}
 j - a potion of resistance {unknown}
 k - a potion of flight {unknown}
 n - a potion of heal wounds {unknown}
 q - a potion of haste {unknown}


   Skills:
 - Level 2.1 Dodging
 - Level 2.0 Stealth
 - Level 2.0 Spellcasting
 + Level 4.3 Conjurations
 + Level 6.3 Air Magic


You had 2 spell levels left.
You knew the following spells:

 Your Spells              Type           Power      Damage    Failure   Level
b - Static Discharge      Conj/Air       38%        2-4/arc   3%          2
f - Shock                 Conj/Air       76%        1d7       2%          1
s - Swiftness             Air            23%        N/A       4%          3

Your spell library contained the following spells:

 Spells                   Type           Power      Damage    Failure   Level
 Airstrike                Air            11%        2d(2-18)  14%         4
 Tukima's Dance           Hex            1%         N/A       50%         3
 Passage of Golubria      Tloc           1%         N/A       88%         4
 Yara's Violent Unravell  Hex/Tmut       0%         3d3       99%         5


Dungeon Overview and Level Annotations

Branches:
Dungeon (5/15)
 Temple: D:4-7

Altars:


Innate Abilities, Weirdness & Mutations

You have a beak for a mouth.
You have claws for feet.
Your magical nature lets you fly swiftly and evasively.


Message History

The zap misses the orc wizard.
The orc wizard casts a spell at you. You resist with some effort.
Casting: Shock (safe; 2% risk of failure)
Confirm with . or Enter, or press ? or * to list all spells.
Aiming: Shock (safe; 2% risk of failure)
Press: ? - help, Shift-Dir - straight line You miscast Shock.
You are very lightly contaminated with residual magic.
Nothing appears to happen.
The orc wizard casts a spell.
The orc wizard flickers and vanishes!
Deactivating autopickup; reactivate with Ctrl-A.
Casting: Shock (safe; 2% risk of failure)
Confirm with . or Enter, or press ? or * to list all spells.
Aiming: Shock (safe; 2% risk of failure)
Press: ? - help, Shift-Dir - straight line The zap hits something but does no damage.
A magic dart appears from out of thin air!
The magic dart hits you.
Casting: Shock (safe; 2% risk of failure)
Confirm with . or Enter, or press ? or * to list all spells.
Aiming: Shock (safe; 2% risk of failure)
Press: ? - help, Shift-Dir - straight line You hear some strange, mumbled words.
Something tries to affect you, but you resist.
Casting: Shock (safe; 2% risk of failure)
Confirm with . or Enter, or press ? or * to list all spells.
Aiming: Shock (safe; 2% risk of failure)
Press: ? - help, Shift-Dir - straight line The zap hits something.
A magic dart appears from out of thin air!
The magic dart hits you!
* * * LOW HITPOINT WARNING * * *
There is an open door here.
Magic courses through your body.
You hear some strange, mumbled words.
A puff of flame appears from out of thin air!
The puff of flame hits you!
You die...

#.....# #.+.....######
#.#.....#.....
#.#......... #.#
#...... #.####...# #+#
#.#..+...# #
#.#####.#.##..)##.#.##
#>.........@{..'.....?
#.#######.##...####.##
#.. ...###### ####
...... .........
####...... +.......
#.......#


There were no monsters in sight!

Vanquished Creatures
  An orc priest (D:4)
  Terence (D:2)
  3 gnolls (D:2)
  An adder (D:2)
  A worm (D:2)
  3 ball pythons (D:1)
  4 endoplasms
  A giant cockroach (D:2)
  6 goblins
  6 hobgoblins
  2 jackals (D:1)
  5 kobolds (D:1)
  A quokka (D:1)
  4 bats
  4 frilled lizards
  7 rats
50 creatures vanquished.

Vanquished Creatures (others)
  12 fungi (D:1)
12 creatures vanquished.

Grand Total: 62 creatures vanquished

Notes
Turn   | Place    | Note
-------+----------+-------------------------------------------
     0 | D:1      | hnicke the Tengu Air Elementalist began the quest for the
                  | Orb.
     0 | D:1      | Reached XP level 1. HP: 10/10 MP: 4/4
   473 | D:1      | Reached XP level 2. HP: 15/15 MP: 4/6
   476 | D:1      | Learned a level 2 spell: Static Discharge
  1262 | D:1      | Reached skill level 5 in Air Magic
  1303 | D:1      | Reached XP level 3. HP: 17/19 MP: 7/7
  1459 | D:1      | Learned a level 3 spell: Swiftness
  2256 | D:2      | Noticed Terence
  2428 | D:2      | Reached XP level 4. HP: 21/24 MP: 2/8
  2886 | D:2      | Killed Terence
  2887 | D:2      | Reached skill level 6 in Air Magic
  3295 | D:2      | Gained mutation: Your magical nature lets you fly swiftly
                  | and evasively. [Tengu growth]
  3295 | D:2      | Reached XP level 5. HP: 28/28 MP: 7/9
  3546 | D:5      | Entered Level 5 of the Dungeon
  3550 | D:5      | Noticed an ice beast
  3613 | D:4      | Killed from afar by an orc wizard

Illustrated notes

Levels and vault maps discovered:
D:1:      dpeg_arrival_arbitrary_a, layout_loops_corners,
          dreamdust_mushroom_princess, minmay_ruptured
D:2:      layout_basic, moated_statue, minmay_pentomino_pile, uniq_terence
D:3:      layout_basic, grunt_temple_overflow_diamond,
          chequers_ecumenical_altar_twisty
D:4:      layout_basic, minmay_overflow_temple_star_quad, serial_corexii_hall,
          chequers_hall_statues_wall_a, chequers_hall_statues_wall_a,
          chequers_hall_statues_wall_a, cheibrodos_gnoll_hut
D:5:      layout_cave_pods

Skill      XL: |  1  2  3  4 |
---------------+-------------+-----
Conjurations   | 2 3 4 |  4.3
Air Magic      | 5 6 |  6.3
Dodging        | |  2.1
Stealth        | |  2.0
Spellcasting   | |  2.0

Action                   |  1- 3 |  4- 6 || total
-------------------------+-------+-------++-------
Melee: Club              |     3 |       ||     3
       Peck              |     7 |     3 ||    10
       Short sword       |    31 |    13 ||    44
       Kick              |    10 |     4 ||    14
Throw: Stone             |     4 |       ||     4
 Cast: Shock             |    39 |    22 ||    61
       Swiftness         |       |     1 ||     1
  Use: Potion            |       |     1 ||     1
 Stab: Sleeping          |     1 |       ||     1
Armor: Robe              |    11 |     4 ||    15
Dodge: Dodged            |    27 |     6 ||    33

Table legend: (Time is in decaauts)
 A = Elapsed time spent in this place.
 B = Non-inter-level travel time spent in this place.
 C = Inter-level travel time spent in this place.
 D = Time resting spent in this place.
 E = Time spent auto-exploring this place.
 F = Levels seen in this place.
 G = Mean time per level.
                   A        B        C        D        E       F      G
               +--------+--------+--------+--------+--------+-----+--------+
         Total |   3584 |   3535 |     49 |   1286 |   1558 |   5 |  716.8 |
       Dungeon |   3584 |   3535 |     49 |   1286 |   1558 |   5 |  716.8 |
               +--------+--------+--------+--------+--------+-----+--------+

Top non-repeatable levels by time:
     D:1: 2051 daAuts
     D:2: 1413 daAuts
     D:3: 53 daAuts
     D:4: 46 daAuts
     D:5: 20 daAuts
